 Dungeon Crawl Stone Soup version 0.32-a0-666-ge8a88695a4 (webtiles) character file.

Game seed: 15842041351896717778

696 ezpacito the Trooper (level 7, 0/51 (55) HPs)
             Began as a Coglin Chaos Knight on Mar 10, 2024.
             Was a Plaything of Xom.
             Killed from afar by a white imp (3 damage)
             ... with a puff of frost
             ... summoned by Eustachio
             ... on level 5 of the Dungeon.
             The game lasted 00:04:34 (3712 turns).

ezpacito the Trooper (Coglin Chaos Knight)          Turns: 3712, Time: 00:04:35

HP:   0/51 (55)     AC:  6    Str: 17    XL:     7   Next: 64%
MP:   9/9           EV: 13    Int: 10    God:    Xom [.*....]
Gold: 205           SH:  0    Dex: 16    Spells: 9/9 levels left

rFire   + . .        a - +0 hand axe (chaos) {Tamao}
rCold   + . .        p - +0 spear {Francisca}
rNeg    . . .        b - +2 leather armour
rPois   +            (no helmet)
rElec   +            (no cloak)
rCorr   +            r - +0 pair of gloves
SInv    .            (no boots)
Will    +....        (amulet unavailable)
Stlth   ++           (ring unavailable)
HPRegen 0.28/turn    (ring unavailable)
MPRegen 0.11/turn    (no gizmo)

%: clarity
@: resistant, drained, invisible, revved
A: off-hand wielding, slow wielding, warmup strikes, no jewellery, agile 1,
clarity, strong-willed 1, strong 1
a: Invent Gizmo, Renounce Religion


You were on level 5 of the Dungeon.
You worshipped Xom.
You were a plaything of Xom.
You visited 1 branch of the dungeon, and saw 5 of its levels.

You collected 205 gold pieces.

Inventory:

Hand Weapons
 a - a +0 hand axe of chaos (weapon) {Tamao}
 o - the +6 sling "Qauhyhev" {flame, ^Drain rElec rPois}
   (You found it on level 2 of the Dungeon)

   rElec:     It insulates you from electricity.
   rPois:     It protects you from poison.
   ^Drain:    It drains your maximum health when unequipped.
 p - a +0 spear (offhand) {Francisca}
Missiles
 c - 3 throwing nets
 k - 2 poisoned darts (quivered)
Armour
 b - a +2 leather armour (worn)
 r - a +0 pair of gloves (worn)
Talismans
 h - a serpent talisman
Scrolls
 e - 2 scrolls of noise
 f - a scroll of enchant weapon
 g - 2 scrolls of amnesia
 j - a scroll of torment
 m - 2 scrolls of enchant armour
 n - a scroll of brand weapon
Potions
 l - a potion of mutation
 s - 2 potions of brilliance


   Skills:
 * Level 4.5 Fighting
 * Level 4.5(4.8) Axes
 + Level 2.1(3.4) Polearms
 * Level 3.4 Armour
 * Level 3.1 Dodging
 + Level 1.8 Stealth
 + Level 1.6 Spellcasting


You had 9 spell levels left.
You didn't know any spells.
Your spell library contained the following spells:

 Spells                   Type           Power      Damage    Failure   Level
 Shock                    Conj/Air       0%         1d3       36%         1
 Ensorcelled Hibernation  Hex/Ice        0%         N/A       52%         2
 Swiftness                Air            0%         N/A       75%         3
 Airstrike                Air            0%         2d(0-16)  98%         4


Dungeon Overview and Level Annotations

Branches:
Dungeon (5/15)             Temple (0/1) D:5

Altars:
Dithmenos
Xom
Yredelemnul

Shops:
D:4 :

Annotations:
D:5 Eustachio


Innate Abilities, Weirdness & Mutations

You can wield a second weapon in your off-hand.
It takes a long time for you to wield or remove held weapons.
Your first few attacks do less damage.
You cannot equip rings or amulets.
You are agile. (Dex +4, Str/Int -1)
You possess an exceptional clarity of mind.
You are strong-willed. (Will+)
Your muscles are strong. (Str +4, Int/Dex -1)


Message History

You completely miss the rat with your +0 hand axe of chaos.
You closely miss the white imp with your +0 hand axe of chaos.
You strike the helpless Eustachio from behind!
You hit Eustachio with your +0 spear. The rat barely misses you.
The white imp gestures at you. The puff of frost misses you.
The white imp closely misses you.
Hit: a) +0 hand axe (chaos) {Tamao}
Press: ? - help, Dir - move target, f - Eustachio
Aim: Eustachio, wielding a +0 falchion and wearing a +0 leather armour (severely wounded, wandering, unable to see you, hasn't noticed you, about 44% to evade your +0 hand axe of chaos)
You reach to attack!
You hit Eustachio but do no damage. The white imp closely misses you.
The rat completely misses you. The ufetubus barely misses you.
The ufetubus closely misses you. The white imp closely misses you.
Hit: a) +0 hand axe (chaos) {Tamao}
Press: ? - help, Dir - move target, f/p - Eustachio
Aim: Eustachio, wielding a +0 falchion and wearing a +0 leather armour (severely wounded, unable to see you, about 44% to evade your +0 hand axe of chaos)
You hit Eustachio but do no damage.
Eustachio is poisoned.
Eustachio is severely wounded.
You closely miss the white imp with your +0 hand axe of chaos.
You hit the ufetubus but do no damage. You hit the white imp but do no damage.
You hit the rat with your +0 hand axe of chaos.
You burn the rat.
You kill the rat!
The rat's corpse disappears in a puff of smoke!
You closely miss Eustachio with your +0 spear.
Eustachio casts a spell.
Eustachio blinks!
The white imp gestures at the white imp.
Hit: a) +0 hand axe (chaos) {Tamao}
Press: ? - help, Dir - move target, f/p - Eustachio
Aim: Eustachio, wielding a +0 falchion and wearing a +0 leather armour (severely wounded, unable to see you, very poisoned, about 44% to evade your +0 hand axe of chaos)
You barely miss Eustachio with your +0 hand axe of chaos.
Eustachio is severely wounded.
You hit the ufetubus but do no damage.
You catch the helpless Eustachio completely off-guard!
You hit Eustachio with your +0 spear. The ufetubus barely misses you.
The ufetubus closely misses you. The white imp gestures at you.
The puff of frost hits you. You resist.
You die...

*,* *,* ##* **,*****,*
******######.###*** *,,,,,,,,*
*,,,,.............###,,*******
*,***#.........##.###,,,,,,,,,
*,*,,......#....#.###,********
*,*,,...........#...#,* ##***
*,*,,...........###.#,* #.,,,
*,**,###.#...@5.5.#.#,*###.*##
*,,,,..#.#..@.......#,*#...,..
****,#.#.#?....5..###,*#...,..
*,#.#.#......#.....*#...#..
*,#.#.#......#.###.##..#<#,
*,#.#.#......#.###,*#...#..
*,#.#.#.######.###,*#......
*,#.#.#.######$###,*#......
******,#.#.#.######.###,........


You could see Eustachio (unable to see you, very poisoned), 2 white imps and an
ufetubus (summoned, unable to see you, slow).

Vanquished Creatures
  Sigmund (D:2)
  A scorpion (D:5)
  A ballistomycete (D:4)
  A howler monkey (D:3)
  3 bombardier beetles
  2 jellies (D:5)
  Jessica (D:2)
  Natasha (twice) (D:2)
  5 adders
  3 gnolls (D:2)
  5 dart slugs
  2 orcs (D:4)
  5 ball pythons
  7 endoplasms
  5 giant cockroaches
  6 goblins
  7 hobgoblins
  3 kobolds
  A quokka (D:4)
  3 bats
  3 frilled lizards
  7 rats
74 creatures vanquished.

Vanquished Creatures (collateral kills)
  A quokka (D:2)
  A frilled lizard (D:2)
  A goblin (D:2)
  A rat (D:2)
4 creatures vanquished.

Vanquished Creatures (others)
  An adder zombie (D:2)
1 creature vanquished.

Grand Total: 79 creatures vanquished

Notes
Turn   | Place    | Note
-------+----------+-------------------------------------------
     0 | D:1      | ezpacito the Coglin Chaos Knight began the quest for the
                  | Orb.
     0 | D:1      | Reached XP level 1. HP: 18/18 MP: 1/1
    63 | D:1      | Reached skill level 1 in Dodging
   199 | D:1      | Reached XP level 2. HP: 22/24 MP: 2/2
   392 | D:1      | Reached XP level 3. HP: 29/29 MP: 3/3
   595 | D:2      | XOM: divination: magic mapping
   598 | D:2      | Identified the +6 sling "Qauhyhev" {flame, ^Drain rElec
                  | rPois}
   640 | D:2      | Gained mutation: You are frail. (-10% HP) [potion of
                  | mutation]
   640 | D:2      | Gained mutation: You expend magic power (3 MP) to
                  | strengthen your wands. [potion of mutation]
   744 | D:2      | Lost mutation: You are frail. (-10% HP) [potion of
                  | mutation]
   744 | D:2      | Lost mutation: You expend magic power (3 MP) to strengthen
                  | your wands. [potion of mutation]
   744 | D:2      | Gained mutation: You are clumsy. (Dex -2) [potion of
                  | mutation]
   744 | D:2      | Gained mutation: Your muscles are strong. (Str +4, Int/Dex
                  | -1) [potion of mutation]
   800 | D:2      | Noticed Sigmund
   811 | D:2      | XOM: potion effect (haste)
   814 | D:2      | XOM: summons friendly quasit
   817 | D:2      | Killed Sigmund
   818 | D:2      | Reached skill level 1 in Polearms
   818 | D:2      | Reached skill level 1 in Stealth
   818 | D:2      | Reached skill level 1 in Spellcasting
   818 | D:2      | Reached XP level 4. HP: 37/37 MP: 3/5
   818 | D:2      | Reached XP level 5. HP: 42/42 MP: 3/6
   948 | D:2      | Noticed Jessica
   956 | D:2      | Killed Jessica
   957 | D:2      | Reached XP level 6. HP: 44/48 MP: 7/7
   977 | D:2      | Got Jessica's Collected Works on Interference
  1011 | D:2      | XOM: 4-stop teleportation journey
  1302 | D:2      | Noticed Natasha
  1309 | D:2      | Killed Natasha
  1471 | D:2      | Noticed Natasha
  1479 | D:2      | Killed Natasha
  2208 | D:3      | Found a shimmering altar of Xom.
  2217 | D:3      | Found a basalt altar of Yredelemnul.
  2392 | D:4      | Reached XP level 7. HP: 54/54 MP: 8/8
  2396 | D:4      | XOM: polymorph sleepcap -> ballistomycete
  2550 | D:4      | Found a shadowy altar of Dithmenos.
  2565 | D:4      | XOM: cloud trail
  2642 | D:4      | XOM: summons 7 friendly demons
  2720 | D:4      | Found Poun's Vocational Training.
  2974 | D:4      | XOM: draining
  3090 | D:4      | XOM: summons 4 hostile demons
  3129 | D:4      | XOM: cloud trail
  3401 | D:4      | XOM: give mutations
  3401 | D:4      | Lost mutation: You are clumsy. (Dex -2) [Xom's grace]
  3401 | D:4      | Gained mutation: You possess an exceptional clarity of
                  | mind. [Xom's grace]
  3401 | D:4      | Gained mutation: You are strong-willed. (Will+) [Xom's
                  | grace]
  3401 | D:4      | Gained mutation: You are agile. (Dex +4, Str/Int -1) [Xom's
                  | grace]
  3478 | D:4      | XOM: god gift: serpent talisman
  3646 | D:5      | Entered Level 5 of the Dungeon
  3692 | D:5      | Noticed Eustachio
  3692 | D:5      | XOM: 1-stop teleportation journey
  3707 | D:5      | HP: 2/51 [white imp/puff of frost[Eustachio] (2)]
  3712 | D:5      | Killed from afar by a white imp

Illustrated notes

Levels and vault maps discovered:
D:1:      lemuel_arrival_funnel, layout_rooms, nrook_mini_backslash,
          st_stairs_8, minivault_14, minmay_tromino_v4_c
D:2:      layout_loops_ring, minmay_strange_pillars, kennysheep_jessica_study,
          uniq_sigmund, uniq_natasha
D:3:      layout_rooms, mainiacjoe_overflow_swirl, serial_curves,
          eino_curves_01, eino_curves_02, eino_curves_02
D:4:      layout_layer_cave, nicolae_dithmenos_through_a_glass_darkly,
          minmay_misc_feat_hallway, nicolae_shop_vocational
D:5:      layout_basic, mainiacjoe_overflow_concentric_impassable,
          kennysheep_mini_moat, minmay_temple_entry_junction, minivault_11,
          st_stairs_14, uniq_edmund, uniq_eustachio

Skill      XL: |  1  2  3  4  5  6  7 |
---------------+----------------------+-----
Dodging        | 1 2 3 |  3.1
Armour         | 2 3 |  3.4
Polearms       | 1 2 |  2.1
Stealth        | 1 |  1.8
Spellcasting   | 1 |  1.6
Fighting       | 4 |  4.5
Axes           | 4 |  4.5

Action                     |  1- 3 |  4- 6 |  7- 9 || total
---------------------------+-------+-------+-------++-------
  Melee: Hand axe          |    54 |    62 |    61 ||   177
         Dagger            |    46 |    35 |       ||    81
         Spear             |       |    31 |    74 ||   105
    Use: Potion            |     6 |       |     3 ||     9
         Scroll            |       |     8 |     1 ||     9
   Stab: Sleeping          |     1 |     1 |     2 ||     4
         Paralysed         |       |     2 |       ||     2
         Invisible         |       |       |     2 ||     2
 Armour: Leather armour    |    35 |    33 |    58 ||   126
  Dodge: Dodged            |    36 |    35 |   114 ||   185

Table legend: (Time is in decaauts)
 A = Elapsed time spent in this place.
 B = Non-inter-level travel time spent in this place.
 C = Inter-level travel time spent in this place.
 D = Time resting spent in this place.
 E = Time spent auto-exploring this place.
 F = Levels seen in this place.
 G = Mean time per level.
                   A        B        C        D        E       F      G
               +--------+--------+--------+--------+--------+-----+--------+
         Total |   3679 |   3599 |     80 |    272 |   2764 |   5 |  735.8 |
       Dungeon |   3679 |   3599 |     80 |    272 |   2764 |   5 |  735.8 |
               +--------+--------+--------+--------+--------+-----+--------+

Top non-repeatable levels by time:
     D:4: 1265 daAuts
     D:2: 1155 daAuts
     D:3: 671 daAuts
     D:1: 521 daAuts
     D:5: 65 daAuts
